 Dungeon Crawl Stone Soup version 0.28-a0-1286-g6bde065e89 (webtiles) character file.

Game seed: 14065031992849094394

189 halfoni the Chopper (level 6, -3/72 HPs)
             Began as a Human Berserker on Dec 27, 2021.
             Was a Believer of Trog.
             Slain by an ogre (25 damage)
             ... on level 5 of the Dungeon.
             The game lasted 00:04:18 (2742 turns).

halfoni the Chopper (Human Berserker)               Turns: 2742, Time: 00:04:19

Health: -3/72      AC:  6    Str: 19    XL:     6   Next: 0%
Magic:  6/6        EV: 11    Int:  8    God:    Trog [**....]
Gold:   92         SH:  0    Dex: 12    Spells: 5/5 levels left

rFire   . . .      SeeInvis .   a - +0 hand axe
rCold   . . .      Faith    .   (no shield)
rNeg    . . .      Spirit   .   h - +0 ring mail
rPois   .          Reflect  .   (no helmet)
rElec   .          Harm     .   e - +0 cloak
rCorr   .          Rampage  .   (no gloves)
Will    .....                   (no boots)
Stlth   ..........              (no amulet)
HPRegen 0.22/turn               (no ring)
MPRegen 0.10/turn               (no ring)

@: berserking, very quick
A: no striking features
a: Renounce Religion, Berserk, Trog's Hand


You were on level 5 of the Dungeon.
You worshipped Trog.
Trog was pleased with you.
You visited 1 branch of the dungeon, and saw 5 of its levels.

You collected 92 gold pieces.

Inventory:

Hand Weapons
 a - a +0 hand axe (weapon)
Armour
 e - a +0 cloak (worn)
 h - a +0 ring mail (worn)
Jewellery
 o - an amulet of regeneration
Scrolls
 c - a scroll of enchant armour {unknown}
 f - 2 scrolls of identify {unknown}
 g - a scroll of silence {unknown}
 i - a scroll of blinking {unknown}
 j - a scroll of magic mapping {unknown}
 k - a scroll of amnesia {unknown}
 n - a scroll of teleportation {unknown}
Potions
 b - 2 potions of heal wounds {unknown}
 d - a potion of lignification {unknown}
 l - a potion of flight {unknown}
 m - a potion of curing {unknown}


   Skills:
 + Level 4.0 Fighting
 + Level 4.7 Axes
 + Level 2.8 Armour
 + Level 2.7 Dodging


You had 5 spell levels left.
You didn't know any spells.
Your spell library was empty.

Dungeon Overview and Level Annotations

Branches:
Dungeon (5/15)             Temple (0/1) D:5

Altars:
Cheibriados
Sif Muna

Shops:
D:2 *

Annotations:
D:4 Dowan, Duvessa, Sigmund


Message History

You are too injured to fight recklessly!
You slash the scorpion zombie!
The scorpion zombie is moderately damaged.
The scorpion zombie misses you.
You hit the scorpion zombie.
The scorpion zombie is moderately damaged.
The scorpion zombie hits you but does no damage.
The scorpion zombie hits you.
You hit the scorpion zombie.
The scorpion zombie is heavily damaged.
The scorpion zombie closely misses you.
You slash the scorpion zombie!
The scorpion zombie is severely damaged.
The scorpion zombie hits you. x2
* * * LOW HITPOINT WARNING * * *
You hit the scorpion zombie.
The scorpion zombie is severely damaged.
The scorpion zombie closely misses you. The scorpion zombie hits you.
* * * LOW HITPOINT WARNING * * *
You hit the scorpion zombie.
The scorpion zombie is almost destroyed.
The scorpion zombie hits you but does no damage.
You hit the scorpion zombie.
You destroy the scorpion zombie!
Trog accepts your kill.
You feel yourself speed up.
Your Fighting skill increases to level 4!
You have reached level 6!
You start resting.
An ogre comes into view. It is wielding a +0 giant club.
You recover from your berserk rage.
There is an open door here.
You close the door.
You close the large door.
Found 8 gold pieces.
Something unseen breaks down the large door.
A red film seems to cover your vision as you go berserk!
You feel yourself moving faster!
You feel mighty!
The ogre hits you with a +0 giant club!!
You die...

#.##+##### #.#.......
#.'.......
####'.......
#...........
#...........
#......#####
##########.....>+....
#...@O..........##...
#...............##...
#...............##...
#....$...............
#########............
#............
#............
#............
#............


You could see an ogre.

Vanquished Creatures
  2 howler monkeys (D:5)
  A scorpion zombie (D:5)
  A killer bee zombie (D:5)
  An adder (D:2)
  3 dart slugs
  3 orcs (D:5)
  4 endoplasms (D:1)
  2 giant cockroaches
  4 goblins (D:2)
  2 hobgoblins (D:2)
  4 jackals (D:1)
  6 kobolds
  2 ball pythons (D:1)
  4 bats
  3 frilled lizards
  4 rats
46 creatures vanquished.

Notes
Turn   | Place    | Note
-------+----------+-------------------------------------------
     0 | D:1      | halfoni the Human Berserker began the quest for the Orb.
     0 | D:1      | Reached XP level 1. HP: 18/18 MP: 1/1
    46 | D:1      | Found a faded altar of an unknown god.
   277 | D:1      | Reached XP level 2. HP: 20/24 MP: 2/2
   818 | D:1      | Reached XP level 3. HP: 29/29 MP: 3/3
  1038 | D:2      | Reached ** piety under Trog
  1077 | D:2      | Found a snail-covered altar of Cheibriados.
  1139 | D:2      | Found Pakhluas's General Store.
  1147 | D:2      | Reached XP level 4. HP: 36/36 MP: 4/4
  1826 | D:3      | Found a shimmering blue altar of Sif Muna.
  1837 | D:3      | You fall into a shaft and drop 1 floor!
  1837 | D:4      | Noticed Sigmund
  1847 | D:5      | Entered Level 5 of the Dungeon
  1987 | D:4      | Noticed Dowan
  1990 | D:4      | Noticed Duvessa
  2432 | D:5      | Found a staircase to the Ecumenical Temple.
  2481 | D:5      | Reached XP level 5. HP: 42/42 MP: 5/5
  2703 | D:5      | Reached XP level 6. HP: 8/48 MP: 6/6
  2716 | D:5      | Noticed an ogre
  2742 | D:5      | Slain by an ogre

Illustrated notes

Levels and vault maps discovered:
D:1:      dpeg_arrival_rooms_a, layout_basic,
          hellmonk_ecumenical_altar_heavens_door, serial_glass, glass_columns_a,
          glass_columns_a, glass_columns_c, glass_columns_b, glass_columns_a,
          glass_columns_a, glass_columns_a, glass_columns_a
D:2:      layout_loops_ring, serial_shops, nicolae_shop_statue_plus,
          basic_altar, minmay_bisected
D:3:      layout_basic, mainiacjoe_overflow_concentric_impassable,
          lemuel_doored_altar, lemuel_coloured_pillars_altar,
          vehumet_altar_wand_db
D:4:      layout_basic, serial_shops, nicolae_diamond_shop, uniq_duvessa,
          uniq_sigmund
D:5:      layout_basic, minmay_temple_entry_slanted

Skill      XL: |  1  2  3  4  5 |
---------------+----------------+-----
Axes           | 4 |  4.7
Fighting       | 4 |  4.0
Armour         | |  2.8
Dodging        | |  2.7

Action                   |  1- 3 |  4- 6 || total
-------------------------+-------+-------++-------
Melee: Hand axe          |    71 |    60 ||   131
Invok: Berserk           |     1 |     4 ||     5
 Stab: Sleeping          |     1 |       ||     1
Armor: Animal skin       |     1 |       ||     1
       Leather armour    |    12 |       ||    12
       Ring mail         |     3 |    20 ||    23
Dodge: Dodged            |    37 |    28 ||    65

Table legend: (Time is in decaauts)
 A = Elapsed time spent in this place.
 B = Non-inter-level travel time spent in this place.
 C = Inter-level travel time spent in this place.
 D = Time resting spent in this place.
 E = Time spent auto-exploring this place.
 F = Levels seen in this place.
 G = Mean time per level.
                   A        B        C        D        E       F      G
               +--------+--------+--------+--------+--------+-----+--------+
         Total |   2800 |   2800 |      0 |    679 |   1615 |   5 |  560.0 |
       Dungeon |   2800 |   2800 |      0 |    679 |   1615 |   5 |  560.0 |
               +--------+--------+--------+--------+--------+-----+--------+

Top non-repeatable levels by time:
     D:1: 1002 daAuts
     D:5: 921 daAuts
     D:2: 804 daAuts
     D:3: 53 daAuts
     D:4: 19 daAuts
